 Dungeon Crawl Stone Soup version 0.19.5 (webtiles) character file.

59 Mesmaeker13 the Grave Robber (level 3, -3/24 HPs)
             Began as a Vampire Necromancer on Apr 8, 2017.
             Slain by a goblin (4 damage)
             ... led by Robin
             ... on level 4 of the Dungeon.
             The game lasted 00:05:38 (2202 turns).

Mesmaeker13 the Grave Robber (Vampire Necromancer)  Turns: 2202, Time: 00:05:39

Health: -3/24      AC:  2    Str:  7    XL:     3   Next: 78%
Magic:  6/6        EV: 14    Int: 18    God:
Gold:   89         SH:  2    Dex: 14    Spells: 2 memorised, 4 levels left

rFire  . . .     SeeInvis +     i - +3 whip (drain)
rCold  + . .     Gourm    .     a - +0 robe
rNeg   + + .     Faith    .     (no shield)
rPois  +         Spirit   .     (no helmet)
rElec  .         Reflect  +     (no cloak)
rCorr  .         Harm     .     (no gloves)
MR     .....                    (no boots)
Stlth  +++.......               p - +2 amulet of reflection
                                (no ring)
                                (no ring)

@: regenerating slowly
A: fangs 3, see invisible, unbreathing
a: Bat Form


You were on level 4 of the Dungeon.
You were thirsty.

You visited 1 branch of the dungeon, and saw 4 of its levels.

You collected 89 gold pieces.

Inventory:

Hand Weapons
 i - a +3 whip of draining (weapon)
Armour
 a - a +0 robe (worn)
Jewellery
 p - a +2 amulet of reflection (around neck)
Scrolls
 h - a scroll of recharging {unknown}
 r - a scroll of amnesia {unknown}
 t - a scroll of identify {unknown}
Potions
 c - 9 potions of blood
 d - a potion of agility {unknown}
 e - a potion of flight {unknown}
 f - 2 potions of degeneration {unknown}
 g - a potion of mutation {unknown}
 j - a potion of berserk rage {unknown}
 k - a potion of magic {unknown}
 l - a potion of heal wounds {unknown}
 m - a potion of lignification {unknown}
 o - a potion of ambrosia {unknown}
 q - a potion of haste {unknown}
 u - 2 potions of brilliance {unknown}
Books
 b - a book of Necromancy

   Spells                             Type                      Level
   a - Pain                           Necromancy                   1
   b - Animate Skeleton               Necromancy                   1
   c - Vampiric Draining              Necromancy                   3
   d - Regeneration                   Charms/Necromancy            3
   e - Animate Dead                   Necromancy                   4
   f - Control Undead                 Necromancy                   4
 n - a book of Changes

   Spells                             Type                      Level
   a - Beastly Appendage              Transmutation                1
   b - Sticks to Snakes               Transmutation                2
   c - Spider Form                    Transmutation/Poison         3
   d - Ice Form                       Ice/Transmutation            4
   e - Blade Hands                    Transmutation                5
 s - a book of Minor Magic

   Spells                             Type                      Level
   a - Magic Dart                     Conjuration                  1
   b - Blink                          Translocation                2
   c - Call Imp                       Summoning                    2
   d - Repel Missiles                 Charms/Air                   2
   e - Slow                           Hexes                        2
   f - Conjure Flame                  Conjuration/Fire             3
   g - Mephitic Cloud                 Conjuration/Poison/Air       3


   Skills:
 + Level 3.9 Dodging
 - Level 3.0 Stealth
 - Level 2.0 Spellcasting
 + Level 5.0 Necromancy


You had 4 spell levels left.
You knew the following spells:

 Your Spells              Type           Power        Failure   Level  Hunger
a - Pain                  Necr           ###.         1%          1    #......
b - Animate Skeleton      Necr           N/A          1%          1    #......


Dungeon Overview and Level Annotations

Branches:
Dungeon (4/15)
 Temple: D:4-7

Altars:
Ashenzari

Annotations:
D:4 Robin


Innate Abilities, Weirdness & Mutations

You heal slowly.
You have razor-sharp teeth.
You have supernaturally acute eyesight. (SInv)
You can survive without breathing.


Message History

You whack the hobgoblin!
You kill the hobgoblin!
The goblin hits you with a club.
* * * LOW HITPOINT WARNING * * *
The orc wizard mumbles some strange words.
The orc wizard blinks!
The goblin misses you. The goblin barely misses you.
You hit the hobgoblin. You drain the hobgoblin!
The hobgoblin is almost dead.
The goblin misses you. The hobgoblin closely misses you.
Robin throws the goblin at you!
* * * LOW HITPOINT WARNING * * *
The goblin completely misses you. The goblin hits you.
* * * LOW HITPOINT WARNING * * *
You block the goblin's attack.
Unknown command.
You hit the hobgoblin.
You kill the hobgoblin!
The goblin closely misses you. Robin throws the goblin at you!
The goblin hits you.
You die...

##....#†#...##
##...#......##
#####....#.......
#).......#.####...
#..........# #.[.
...........# ....
........#### ##
........#gg##+##.
#.......g@ggg....
.....#####ggo....
###..


gga.... .... .o._... ###. ....... ....... ....... .##+##. You could see a worker
ant, Robin, an orc wizard (invisible), an orc, 2 hobgoblins and 7 goblins.

Vanquished Creatures
  An adder (D:2)
  An ooze (D:4)
  A dart slug (D:1)
  2 leopard geckos (D:1)
  6 bats
  3 giant cockroaches
  3 goblins
  9 hobgoblins
  3 ball pythons (D:1)
  3 frilled lizards
  6 kobolds
  2 rats (D:1)
40 creatures vanquished.

Notes
Turn   | Place    | Note
-------+----------+-------------------------------------------
     0 | D:1      | Mesmaeker13 the Vampire Necromancer began the quest for the Orb.
     0 | D:1      | Reached XP level 1. HP: 13/13 MP: 3/3
   269 | D:1      | Reached XP level 2. HP: 17/19 MP: 3/5
  1206 | D:2      | Reached XP level 3. HP: 21/24 MP: 3/6
  1337 | D:2      | Learned a level 1 spell: Animate Skeleton
  2188 | D:4      | Found a shattered altar of Ashenzari.
  2190 | D:4      | Noticed Robin
  2197 | D:4      | Reached skill level 5 in Necromancy
  2201 | D:4      | HP: 1/24 [goblin[Robin] (2)]
  2202 | D:4      | Slain by a goblin

Skill      XL: |  1  2  3 |
---------------+----------+-----
Dodging        | 3 |  3.9
Necromancy     | 5 |  5.0
Stealth        | |  3.0
Spellcasting   | |  2.0

Action                   || total
-------------------------++-------
Melee: Whip              ||    33
       Bite              ||     3
 Cast: Pain              ||    72
  Use: Potion            ||     3
       Scroll            ||     1
 Stab: Sleeping          ||     1
Armor: Robe              ||     8
Dodge: Dodged            ||    50
Block: Other             ||     3
